 Dungeon Crawl Stone Soup version 0.31-a0-187-gba352fbbf7 (webtiles) character file.

Game seed: 17539873620821781160

58 pokeman the Magician (level 3, -2/20 HPs)
             Began as a Deep Elf Hedge Wizard on June 22, 2023.
             Slain by a gnoll
             ... wielding a +0 halberd
             ... led by a gnoll bouda
              (8 damage)
             ... on level 2 of the Dungeon.
             The game lasted 00:03:48 (1276 turns).

pokeman the Magician (Deep Elf Hedge Wizard)        Turns: 1276, Time: 00:03:49

Health: -2/20      AC:  2    Str:  7    XL:     3   Next: 75%
Magic:  3/11       EV: 12    Int: 20    God:
Gold:   26         SH:  0    Dex: 14    Spells: 4/12 levels left

rFire   . . .        g - +0 short sword (protect)
rCold   . . .        (no shield)
rNeg    . . .        b - +0 robe
rPois   .            c - +0 hat
rElec   .            (no cloak)
rCorr   .            (no gloves)
SInv    .            (no boots)
Will    .....        (no amulet)
Stlth   ++           (no ring)
HPRegen 0.23/turn    (no ring)
MPRegen 0.12/turn

%: no passive effects
@: no status effects
A: no striking features
a: no special abilities


You were on level 2 of the Dungeon.
You visited 1 branch of the dungeon, and saw 2 of its levels.

You collected 110 gold pieces.
You spent 84 gold pieces at shops.

Inventory:

Hand Weapons
 g - a +0 short sword of protection (weapon)
Armour
 b - a +0 robe (worn)
 c - a +0 hat (worn)
Scrolls
 a - a scroll of amnesia {unknown}
 e - 4 scrolls of identify
 f - a scroll of fog {unknown}
 h - a scroll of teleportation
Potions
 d - a potion of magic


   Skills:
 - Level 1.0 Fighting
 - Level 1.0 Armour
 + Level 2.4 Dodging
 + Level 2.4 Stealth
 * Level 5.4 Spellcasting
 + Level 2.0 Conjurations
 - Level 1.1 Summonings
 - Level 1.1 Translocations


You had 4 spell levels left.
You knew the following spells:

 Your Spells              Type           Power      Damage    Failure   Level
a - Magic Dart            Conj           52%        1d5       4%          1
b - Mephitic Cloud        Conj/Pois/Air  8%         N/A       26%         3
c - Call Imp              Summ           18%        N/A       11%         2
d - Blink                 Tloc           18%        N/A       11%         2

Your spell library contained the following spells:

 Spells                   Type           Power      Damage    Failure   Level
 Slow                     Hex            20%        N/A       11%         1
 Cigotuvi's Dreadful Rot  Necr/Pois/Air  10%        N/A       17%         2
 Iskenderun's Battlesphe  Conj           13%        2d7       80%         5
 Leda's Unmaking          Conj/Erth      4%         9d2       100%        6
 Spellforged Servitor     Conj/Summ      5%         N/A       100%        7


Dungeon Overview and Level Annotations

Branches:
Dungeon (2/15)

Altars:

Shops:
D:1 ?


Message History

Confirm with . or Enter, or press ? or * to list all spells.
The spell is extremely dangerous to miscast (26% risk of failure)!
Continue anyway?
Aiming: Mephitic Cloud (extremely dangerous; 26% risk of failure)
Press: ? - help, Shift-Dir - straight line, f/p - gnoll
Aim: a gnoll, wielding a +0 club (severely wounded, confused, chance to affect: 91%) That beam is likely to hit you.
Continue anyway?
The ball explodes into a vile cloud!
The stinking cloud engulfs the gnoll bouda but does no damage.
The stinking cloud engulfs the gnoll but does no damage.
The gnoll is severely wounded.
The stinking cloud engulfs you but does no damage.
The stinking cloud engulfs the gnoll but does no damage.
You are engulfed in noxious fumes.
You choke on the stench!
You are confused.
The gnoll bouda is engulfed in noxious fumes.
The gnoll bouda appears confused.
The gnoll bouda hits you with a +0 club!
Unknown command.
Unknown command.
You barely miss the gnoll bouda.
You are engulfed in noxious fumes.
You choke on the stench!
You are more confused.
The gnoll bouda is engulfed in noxious fumes.
The gnoll bouda appears confused.
Unknown command.
You are engulfed in noxious fumes.
You choke on the stench!
You are more confused.
An adder comes into view.
Unknown command.
Unknown command.
The gnoll hits you with a +0 club!
* * * LOW HITPOINT WARNING * * *
Unknown command.
A giant cockroach comes into view.
The gnoll completely misses you. The gnoll barely misses you.
Unknown command.
You feel less confused.
The gnoll hits the gnoll with a +0 club.
The gnoll hits you from afar with a +0 halberd!
You die...

#. ....# #.# ##..
....#####.# ...
##...##...#.#
.####.####.B..##...#.#
........##....##...#<#
..............##...#.###
.....^..................
#....S..#....#'##.###
##.#@##.####.#.##.#
#g##.# #...##.# gS##.#
##..##.#
.gg.#.#####.....#
.....#.......>...#
#..#..########....#
......# #....# ....#..#
#....# #....#


You could see a gnoll bouda (confused), 3 gnolls, an adder, a giant cockroach
and a ball python.

Vanquished Creatures
  A gnoll (D:1)
  2 dart slugs (D:1)
  A giant cockroach (D:1)
  3 goblins (D:1)
  3 hobgoblins (D:1)
  8 jackals (D:1)
  6 kobolds (D:1)
  2 quokkas (D:1)
  4 ball pythons (D:1)
  4 bats (D:1)
  2 frilled lizards (D:1)
  4 rats
40 creatures vanquished.

Notes
Turn   | Place    | Note
-------+----------+-------------------------------------------
     0 | D:1      | pokeman the Deep Elf Hedge Wizard began the quest for the
                  | Orb.
     0 | D:1      | Reached XP level 1. HP: 10/10 MP: 7/7
   269 | D:1      | Reached XP level 2. HP: 16/16 MP: 4/9
   478 | D:1      | Reached skill level 5 in Spellcasting
   617 | D:1      | Reached XP level 3. HP: 19/20 MP: 7/11
   621 | D:1      | Learned a level 3 spell: Mephitic Cloud
   624 | D:1      | Learned a level 2 spell: Call Imp
   627 | D:1      | Learned a level 2 spell: Blink
  1030 | D:1      | Reached skill level 1 in Armour
  1052 | D:1      | Reached skill level 1 in Fighting
  1174 | D:1      | Found Inapt's Magic Scroll Shop.
  1182 | D:1      | Bought a scroll of teleportation for 42 gold pieces
  1182 | D:1      | Bought a scroll of identify for 28 gold pieces
  1182 | D:1      | Bought a scroll of noise for 14 gold pieces
  1276 | D:2      | Slain by a gnoll

Illustrated notes

Levels and vault maps discovered:
D:1:      dpeg_arrival_round_b, layout_rooms, serial_shops, nicolae_shop_crystal
D:2:      layout_basic, serial_shops, nicolae_shop_hallway_plus, uniq_jessica

Skill      XL: |  1  2  3 |
---------------+----------+-----
Spellcasting   | 5 |  5.4
Armour         | 1 |  1.0
Conjurations   | 2 |  2.0
Fighting       | 1 |  1.0
Dodging        | |  2.4
Stealth        | |  2.4
Summonings     | |  1.1
Translocations | |  1.1

Action                     || total
---------------------------++-------
  Melee: Dagger            ||    46
         Short sword       ||    18
         Punch             ||     1
   Cast: Magic Dart        ||    84
         Mephitic Cloud    ||     3
   Stab: Confused          ||     2
 Armour: Robe              ||    10
  Dodge: Dodged            ||    56

Table legend: (Time is in decaauts)
 A = Elapsed time spent in this place.
 B = Non-inter-level travel time spent in this place.
 C = Inter-level travel time spent in this place.
 D = Time resting spent in this place.
 E = Time spent auto-exploring this place.
 F = Levels seen in this place.
 G = Mean time per level.
                   A        B        C        D        E       F      G
               +--------+--------+--------+--------+--------+-----+--------+
         Total |   1275 |   1251 |     24 |    114 |    872 |   2 |  637.5 |
       Dungeon |   1275 |   1251 |     24 |    114 |    872 |   2 |  637.5 |
               +--------+--------+--------+--------+--------+-----+--------+

Top non-repeatable levels by time:
     D:1: 1208 daAuts
     D:2: 66 daAuts
